 Dungeon Crawl Stone Soup version 0.25.0-9-g26727b657a (webtiles) character file.

Game seed: 10651612213397947003

3341 mopl the Tainter (level 10, 0/71 HPs)
             Began as a Merfolk Venom Mage on June 16, 2020.
             Slain by an orc warrior
             ... wielding a +0 war axe
              (20 damage)
             ... in a bailey.
             The game lasted 00:26:48 (8752 turns).

mopl the Tainter (Merfolk Venom Mage)               Turns: 8752, Time: 00:26:48

Health: 0/71       AC:  2    Str:  8    XL:     10   Next: 2%
Magic:  0/18       EV: 13    Int: 18    God:
Gold:   78         SH:  0    Dex: 15    Spells: 7/20 levels left

rFire    . . .     SeeInvis +   a - +3 spear
rCold    . . .     Gourm    .   (no shield)
rNeg     . . .     Faith    .   s - +0 robe (curse)
rPois    .         Spirit   .   (no helmet)
rElec    .         Reflect  .   (no cloak)
rCorr    .         Harm     .   (no gloves)
MR       +....                  (no boots)
Stlth    ++........             (no amulet)
HPRegen  0.21/turn              n - ring of see invisible
MPRegen  0.16/turn              D - ring of protection from magic

@: radiating poison
A: change form in water, swift swim, stealthy swim
a: no special abilities


You were in a bailey.
You were not hungry.

You visited 1 branch of the dungeon, and saw 7 of its levels.
You also visited: Sewer and Bailey.

You collected 406 gold pieces.
You spent 328 gold pieces at shops.

Inventory:

Hand Weapons
 a - a +3 spear (weapon)
Missiles
 l - 3 poisoned darts
 r - 2 silver boomerangs (quivered)
 u - 3 boomerangs
Armour
 s - a cursed +0 robe (worn)
Jewellery
 n - a ring of see invisible (left hand)
 w - an uncursed amulet of guardian spirit
 x - an uncursed ring of stealth
 D - a ring of protection from magic (right hand)
Wands
 y - a wand of clouds (9)
Scrolls
 e - 4 scrolls of teleportation
 g - 3 scrolls of amnesia {unknown}
 h - 2 scrolls of fog {unknown}
 k - 3 scrolls of immolation
 o - 3 scrolls of remove curse {unknown}
 p - 2 scrolls of fear {unknown}
 z - 2 scrolls of enchant weapon {unknown}
 C - a scroll of noise {unknown}
 G - a scroll of blinking {unknown}
Potions
 b - 5 potions of might
 f - 6 potions of curing
 i - 2 potions of stabbing
 j - 2 potions of magic {unknown}
 m - 3 potions of flight
 q - a potion of heal wounds
 t - 2 potions of brilliance {unknown}
 v - 2 potions of ambrosia
 A - a potion of mutation
 B - 3 potions of haste
 F - 2 potions of resistance
Comestibles
 c - 10 rations
 E - 5 chunks of flesh


   Skills:
 + Level 3.8 Fighting
 + Level 5.1 Polearms
 - Level 2.6 Dodging
 - Level 2.1 Stealth
 + Level 5.7 Spellcasting
 - Level 3.0 Conjurations
 - Level 5.0 Transmutations
 - Level 3.0 Fire Magic
 - Level 3.0 Air Magic
 * Level 9.4 Poison Magic


You had 7 spell levels left.
You knew the following spells:

 Your Spells              Type           Power        Failure   Level  Hunger
a - Sting                 Tmut/Pois      ####         1%          1    None
b - Poisonous Vapours     Pois/Air       ####..       1%          2    None
d - Mephitic Cloud        Conj/Pois/Air  ###.....     4%          3    ##.....
g - Ignite Poison         Fire/Tmut/Pois ####....     3%          3    ##.....
o - Olgreb's Toxic Radia  Pois           #####...     2%          4    ####...

Your spell library contained the following spells:

 Spells                   Type           Power        Failure   Level  Hunger
 Magic Dart               Conj           ###.         3%          1    None
 Searing Ray              Conj           ###...       5%          2    None
 Summon Small Mammal      Summ           #...         12%         1    None
 Call Imp                 Summ           #.......     19%         2    None
 Dazzling Flash           Conj/Hex       ##....       21%         3    ##.....
 Call Canine Familiar     Summ           #.......     36%         3    ##.....
 Summon Guardian Golem    Hex/Summ       #.......     36%         3    ##.....
 Fulminant Prism          Conj/Hex       ##........   54%         4    ####...
 Iskenderun's Mystic Bla  Conj/Tloc      ##......     54%         4    ####...
 Summon Lightning Spire   Summ/Air       ##......     54%         4    ####...
 Summon Ice Beast         Ice/Summ       #.......     77%         4    ####...


Dungeon Overview and Level Annotations

Branches:
Dungeon (7/15)              Sewer (visited)          Bailey (1/1)
 Temple: D:4-7

Altars:
Dithmenos
Okawaru
Zin
The Shining One

Shops:
D:4 =   D:6 !:

Annotations:
D:7 3 runed translucent doors, mopl's ghost, novice TrAM


Message History

Confirm with . or Enter, or press ? or * to list all spells.
You begin to radiate toxic energy.
The orc warrior is poisoned.
Your toxic aura wanes.
Items here: ))) [[[ ÷÷
Items here: ))) [[[ ÷÷ †
Things that are here:
a +0 chain mail; a +0 battleaxe; an orc skeleton
There is an open door here.
Items here: ))) [[[ ÷÷
Things that are here:
a +0 leather armour; a +0 hand axe The orc warrior looks more healthy.
There is an open door, spattered with blood here.
Items here: )))))) [[[[[[
Casting: Olgreb's Toxic Radiance (dangerous; 2% risk of failure)
Confirm with . or Enter, or press ? or * to list all spells.
You begin to radiate toxic energy.
The orc warrior is poisoned.
The orc warrior looks even sicker.
The orc warrior hits you with a +0 war axe!!
You die...

[.#....[..#.....[...#
..##.....##.[...[...##
...#######.....⌠...[.#
..## ##.........##
[.#)......#[........#
.##.......##.......##
.#.........#.......#
##.........##....[##
#...........####@##
##.........##...o.##
.#.........#..[.[..#
.##.......##......[##
[.#.......#.........#
..###...###.........##
...###'###.....⌠.....#
..##88)88##.........##
..#.......#.........#


You could see an orc warrior (very poisoned).

Vanquished Creatures
  Edmund (D:5)
  A sky beast (D:6)
  An ice beast (D:5)
  12 orc warriors (Bailey)
  A black bear (D:5)
  2 ogres
  A centaur (D:5)
  4 big kobolds
  A scorpion (D:6)
  3 wights (D:6)
  4 crimson imps
  A jelly (D:5)
  2 orc priests (D:4)
  8 orc wizards
  A centaur skeleton (D:4)
  5 worker ants
  A hound skeleton (D:5)
  19 gnolls
  10 adders
  4 river rats
  A shadow imp (D:5)
  3 oozes
  An adder zombie (D:7)
  An adder skeleton (D:4)
  12 worms
  5 leopard geckos
  29 orcs
  4 giant cockroaches
  30 goblins
  21 hobgoblins
  5 jackals
  4 quokkas
  9 ball pythons
  10 bats
  8 frilled lizards
  18 kobolds
  A leopard gecko skeleton (D:5)
  A quokka zombie (D:6)
  13 rats
258 creatures vanquished.

Notes
Turn   | Place    | Note
-------+----------+-------------------------------------------
     0 | D:1      | mopl the Merfolk Venom Mage began the quest for the Orb.
     0 | D:1      | Reached XP level 1. HP: 13/13 MP: 3/3
   126 | D:1      | Reached XP level 2. HP: 19/19 MP: 1/5
   302 | D:1      | Learned a level 2 spell: Poisonous Vapours
   983 | D:2      | Reached XP level 3. HP: 24/24 MP: 1/6
   998 | D:2      | Learned a level 3 spell: Ignite Poison
  1381 | D:2      | Found a shadowy altar of Dithmenos.
  1403 | D:2      | Reached XP level 4. HP: 12/30 MP: 2/7
  1689 | D:2      | Reached skill level 1 in Air Magic
  1706 | D:2      | Reached skill level 4 in Poison Magic
  2006 | D:2      | Reached XP level 5. HP: 14/35 MP: 1/9
  2320 | D:2      | Reached skill level 1 in Fire Magic
  2631 | D:2      | Learned a level 3 spell: Mephitic Cloud
  3040 | D:3      | Reached XP level 6. HP: 26/41 MP: 2/10
  3203 | D:3      | Reached skill level 1 in Conjurations
  3430 | D:3      | Reached skill level 5 in Poison Magic
  3526 | D:3      | Found a glowing golden altar of the Shining One.
  3535 | D:3      | Reached XP level 7. HP: 41/46 MP: 12/12
  4297 | D:4      | Found Waregg's Jewellery Boutique.
  4302 | D:4      | Bought a cursed amulet of inaccuracy for 28 gold pieces
  4731 | D:4      | Found an iron altar of Okawaru.
  4881 | D:4      | Learned a level 4 spell: Olgreb's Toxic Radiance
  4907 | D:5      | Entered Level 5 of the Dungeon
  4916 | D:5      | Found a glowing silver altar of Zin.
  4996 | D:5      | Reached skill level 6 in Poison Magic
  5071 | D:5      | Found a glowing drain.
  5073 | D:5      | Reached XP level 8. HP: 42/52 MP: 7/13
  5091 | Sewer    | Entered a sewer
  5279 | Sewer    | Reached skill level 5 in Transmutations
  6088 | D:5      | Noticed Edmund
  6094 | D:5      | Killed Edmund
  6094 | D:5      | Reached skill level 7 in Poison Magic
  7045 | D:6      | Found Wavixuluo's Book Shop.
  7178 | D:6      | Reached XP level 9. HP: 42/58 MP: 7/16
  7200 | D:6      | Reached skill level 1 in Polearms
  7306 | D:6      | Reached skill level 1 in Fighting
  7500 | D:6      | Found Osim's Distillery.
  7536 | D:6      | Bought a potion of degeneration for 15 gold pieces
  7536 | D:6      | Bought 2 potions of curing for 90 gold pieces
  7536 | D:6      | Bought a potion of haste for 150 gold pieces
  7536 | D:6      | Bought a potion of flight for 45 gold pieces
  7823 | D:7      | Found a runed translucent gate.
  7823 | D:7      | Found a runed translucent gate.
  7823 | D:7      | Found a runed translucent gate.
  7823 | D:7      | Noticed mopl's ghost (novice TrAM)
  7901 | D:7      | Reached skill level 5 in Spellcasting
  7901 | D:7      | Reached skill level 8 in Poison Magic
  7963 | D:7      | Found a flagged portal.
  7985 | Bailey   | Entered a bailey
  8532 | Bailey   | Reached skill level 9 in Poison Magic
  8645 | Bailey   | Noticed an orc warlord
  8696 | Bailey   | Reached skill level 5 in Polearms
  8709 | Bailey   | Reached XP level 10. HP: 11/71 MP: 2/18
  8752 | Bailey   | Slain by an orc warrior

Illustrated notes

Levels and vault maps discovered:
D:1:      ncdulo_halloftheorcs, layout_loops_ring
D:2:      layout_rooms, grunt_dithmenos_smoke, first_ration,
          minmay_fountain_box, minmay_joined_circles
D:3:      layout_basic, tso_altar
D:4:      layout_loops_cross, okawaru_trees_2, serial_shops, shop
D:5:      layout_loops_cross, zin_statuary, portal_sewer_entry_b, uniq_edmund
D:6:      layout_basic, serial_shops, shop, kennysheep_small_square
D:7:      layout_basic, minmay_temple_entry_large_hall,
          ebering_ghost_rock_garden, enter_bailey_3
Bailey:   bailey_axe_minmay_hex_keep, bailey

Skill      XL: |  1  2  3  4  5  6  7  8  9 |
---------------+----------------------------+-----
Transmutations | 2 3 4 5 |  5.0
Air Magic      | 1 2 3 |  3.0
Poison Magic   | 4 5 6 7 9 |  9.4
Fire Magic     | 1 2 3 |  3.0
Spellcasting   | 3 4 5 |  5.7
Conjurations   | 1 2 3 |  3.0
Polearms       | 5 |  5.1
Fighting       | 3 |  3.8
Dodging        | |  2.6
Stealth        | |  2.1

Action                   |  1- 3 |  4- 6 |  7- 9 | 10-12 || total
-------------------------+-------+-------+-------+-------++-------
Melee: Unarmed           |    19 |       |       |       ||    19
       Spear             |    17 |    99 |   427 |       ||   543
       Tailslap          |       |       |     4 |       ||     4
 Cast: Sting             |    40 |    66 |    68 |       ||   174
       Poisonous Vapours |       |    22 |    64 |       ||    86
       Mephitic Cloud    |       |       |    13 |       ||    13
       Ignite Poison     |       |       |    10 |       ||    10
       Olgreb's Toxic Ra |       |       |    15 |     2 ||    17
Evoke: Wand              |       |       |     2 |       ||     2
  Use: Scroll            |     1 |       |     6 |     1 ||     8
       Potion            |       |       |     1 |       ||     1
 Stab: Sleeping          |     3 |     1 |     8 |       ||    12
  Eat: Chunk             |     2 |     8 |    19 |     1 ||    30
       Ration            |       |       |     1 |       ||     1
Armor: Robe              |    10 |    25 |    24 |       ||    59
Dodge: Dodged            |    33 |    70 |   247 |       ||   350
